 Dungeon Crawl Stone Soup version 0.23.2-40-g277498a001 (webtiles) character file.

Game seed: 17310144787758808538

2350 BeastOfSaturn the Cudgeler (level 9, 0/63 HPs)
             Began as a Demonspawn Fighter on Oct 7, 2019.
             Was an Initiate of Ru.
             Slain by an iguana (6 damage)
             ... on level 8 of the Dungeon on Oct 8, 2019.
             The game lasted 00:44:09 (8172 turns).

BeastOfSaturn the Cudgeler (Demonspawn Fighter)     Turns: 8172, Time: 00:44:23

Health: 0/63       AC: 17    Str: 24    XL:     9   Next: 20%
Magic:  9/9        EV:  8    Int: 10    God:    Ru [......]
Gold:   312        SH:  0    Dex: 13    Spells: 8/8 levels left

rFire    + . .     SeeInvis .   A - +10 dark maul {crush}
rCold    x . .     Gourm    +   (shield currently unavailable)
rNeg     . . .     Faith    .   B - +0 chain mail
rPois    .         Spirit   .   (no helmet)
rElec    .         Reflect  .   a - +0 cloak
rCorr    .         Harm     .   (no gloves)
MR       +....                  (no boots)
Stlth    ..........             j - amulet of the gourmand
HPRegen  0.20/turn              r - ring of protection from magic
MPRegen  0.11/turn              D - ring of fire

@: mighty, sanguine armour, drained
A: talons 1, powered by pain 1, spiny 1, sanguine armour 1
a: Renounce Religion


You were on level 8 of the Dungeon.
You worshipped Ru.
Ru was noncommittal.
You were not hungry.

You visited 2 branches of the dungeon, and saw 9 of its levels.

You collected 312 gold pieces.

Inventory:

Hand Weapons
 s - a +2 falchion of protection
 A - the +10 dark maul (weapon) {crush}
   (You found it on level 5 of the Dungeon)

   It inflicts extra damage upon your enemies.
Armour
 a - a +0 cloak (worn)
 y - a +0 pair of gloves
 B - a +0 chain mail (worn)
Jewellery
 g - an uncursed ring of protection from magic
 j - an amulet of the gourmand (around neck)
 l - an uncursed amulet of faith
 r - a ring of protection from magic (left hand)
 D - a ring of fire (right hand)
Wands
 E - a wand of scattershot (5)
Scrolls
 b - a scroll of summoning {unknown}
 c - 2 scrolls of enchant weapon
 h - 2 scrolls of noise {unknown}
 k - 2 scrolls of remove curse
 m - a scroll of blinking
 n - a scroll of enchant armour {unknown}
 o - a scroll of fog {unknown}
 p - 3 scrolls of teleportation
 t - a scroll of magic mapping {unknown}
 v - a scroll of random uselessness {unknown}
 w - a scroll of amnesia {unknown}
 x - 3 scrolls of fear
 F - a scroll of brand weapon {unknown}
 G - a scroll of vulnerability {unknown}
Potions
 d - a potion of might
 e - a potion of mutation {unknown}
 i - 3 potions of flight
 q - a potion of berserk rage {unknown}
 z - 2 potions of curing
Comestibles
 f - 12 rations


   Skills:
 + Level 3.1(2.2) Fighting
 - Level 4.0(3.0) Long Blades
   Level 2.3(4.1) Axes
 * Level 6.9(6.1) Maces & Flails
   Level 1.4(1.2) Polearms
 * Level 6.3(5.3) Armour
 + Level 2.0(1.1) Dodging
 + Level 0.3(0.0) Stealth
   Level 4.7(3.7) Shields


You had 8 spell levels left.
You didn't know any spells.
Your spell library contained the following spells:

 Spells                   Type           Power        Failure   Level  Hunger
 Animate Skeleton         Necr           N/A          94%         1    ##.....
 Apportation              Tloc           #.....       94%         1    ##.....
 Confusing Touch          Hex            #.....       94%         1    ##.....
 Summon Small Mammal      Summ           #...         94%         1    ##.....


Dungeon Overview and Level Annotations

Branches:
Dungeon (8/15)             Temple (1/1) D:7
   Lair: D:8-11

Altars:
Ashenzari
Cheibriados
Dithmenos
Elyvilon
Fedhas
Gozag
Hepliaklqana
Makhleb
Nemelex Xobeh
Okawaru
Qazlal
Ru
Sif Muna
Trog
Uskayaw
Vehumet
Wu Jian
Xom
Yredelemnul
Zin
The Shining One


Innate Abilities, Weirdness & Mutations

You have sharp toenails.
You sometimes gain a little power by taking damage.
You are partially covered in sharp spines.
When seriously injured, your bleeding wounds create armour. (AC +6)


Message History

The wyvern is struck by your spines. The wyvern bites you.
The wyvern barely misses you. The wyvern bites you. The wyvern bites you!
Your blood congeals into armour.
You closely miss the wyvern.
The wyvern is moderately wounded.
The wyvern closely misses you. x3; The wyvern bites you!
You focus on the pain.
You feel very mighty all of a sudden.
You closely miss the wyvern. You claw the wyvern!
The wyvern is heavily wounded.
The wyvern bites you but does no damage.
The wyvern bites you!
* * * LOW HITPOINT WARNING * * *
The iguana is struck by your spines. The iguana barely misses you.
The wyvern is struck by your spines.
The wyvern bites you but does no damage.
The iguana bites you!
* * * LOW HITPOINT WARNING * * *
The wyvern bites you but does no damage.
The iguana bites you.
You die...

#..##...#
......#.......#
......#.......#
......#####..####
#.>.....####....#
+.......#......##
#.......#......#
#.....ll#......#
#......@#'##..##
..####..%..####
#.....# #.....#
#.....# #######


You could see a wyvern and an iguana.

Vanquished Creatures
  The ghost of Sassenached the Chiller, an amateur DsWn of Okawaru (D:5)
  A hungry ghost (D:8)
  2 orc warriors (D:6)
  3 ogres
  3 bullfrogs (D:8)
  2 scorpions
  4 killer bees
  5 wights (D:7)
  4 crimson imps (D:7)
  A quasit (D:7)
  2 jellies
  A hound (D:4)
  A bullfrog skeleton (D:5)
  An orc priest (D:7)
  2 iguanas
  3 orc wizards
  6 worker ants
  A hound skeleton (D:5)
  A worker ant zombie (D:5)
  7 gnolls
  A howler monkey zombie (D:4)
  10 adders
  2 oozes
  A worm (D:4)
  A dart slug (D:1)
  5 leopard geckos
  16 orcs
  2 ball pythons
  7 giant cockroaches
  6 goblins
  6 hobgoblins
  13 jackals
  3 quokkas
  9 bats
  4 frilled lizards
  8 kobolds
  A leopard gecko skeleton (D:4)
  3 quokka skeletons
  2 quokka zombies
  4 rats
155 creatures vanquished.

Notes
Turn   | Place    | Note
-------+----------+-------------------------------------------
     0 | D:1      | BeastOfSaturn the Demonspawn Fighter began the quest for
                  | the Orb.
     0 | D:1      | Reached XP level 1. HP: 18/18 MP: 1/1
   188 | D:1      | Gained mutation: When seriously injured, your bleeding
                  | wounds create armour. (AC +6) [demonic ancestry]
   188 | D:1      | Reached XP level 2. HP: 23/24 MP: 2/2
   737 | D:1      | Reached XP level 3. HP: 8/29 MP: 3/3
  1659 | D:2      | Gained mutation: You sometimes gain a little power by
                  | taking damage. [demonic ancestry]
  1659 | D:2      | Reached XP level 4. HP: 31/35 MP: 4/4
  1797 | D:2      | Reached skill level 1 in Polearms
  2778 | D:4      | Reached XP level 5. HP: 29/41 MP: 5/5
  2971 | D:4      | Noticed an ogre
  2981 | D:4      | Killed an ogre
  3169 | D:4      | Reached XP level 6. HP: 46/47 MP: 6/6
  3182 | D:4      | Found a glowing golden altar of the Shining One.
  3182 | D:4      | Found a hide-covered altar of Uskayaw.
  3352 | D:4      | Found a radiant altar of Vehumet.
  4033 | D:4      | Reached skill level 1 in Dodging
  4033 | D:4      | Reached XP level 7. HP: 19/52 MP: 7/7
  4421 | D:5      | Entered Level 5 of the Dungeon
  4421 | D:5      | Found the +10 dark maul {crush}
  5027 | D:5      | Found a runed translucent gate.
  5027 | D:5      | Found a runed translucent gate.
  5031 | D:5      | Found a runed translucent gate.
  5032 | D:5      | Noticed Sassenached's ghost (amateur DsWn)
  5036 | D:5      | Reached skill level 1 in Maces & Flails
  5037 | D:5      | Killed Sassenached's ghost
  5390 | D:6      | Found a basalt altar of Yredelemnul.
  5392 | D:6      | Found a glowing silver altar of Zin.
  5672 | D:6      | Gained mutation: You are partially covered in sharp spines.
                  | [demonic ancestry]
  5672 | D:6      | Reached XP level 8. HP: 58/58 MP: 8/8
  6656 | D:7      | Reached skill level 5 in Armour
  6658 | D:6      | Reached skill level 5 in Maces & Flails
  6835 | D:7      | Found a staircase to the Ecumenical Temple.
  6854 | Temple   | Entered the Ecumenical Temple
  6931 | Temple   | Became a worshipper of Ru the Awakened
  7176 | D:7      | Got a faintly humming leather armour
  7565 | D:7      | Gained mutation: You have sharp toenails. [demonic
                  | ancestry]
  7565 | D:7      | Reached XP level 9. HP: 63/63 MP: 9/9
  7793 | D:7      | Identified the +3 leather armour of the Trombone {*Drain
                  | Int+5} (You found it on level 7 of the Dungeon)
  8172 | D:8      | Slain by an iguana

Skill      XL: |  1  2  3  4  5  6  7  8 |
---------------+-------------------------+-----
Armour         | 3 4 6 |  6.3
Shields        | 3 4 |  4.7
Axes           | 2 |  2.3
Polearms       | 1 |  1.4
Long Blades    | 2 3 4 |  4.0
Dodging        | 1 2 |  2.0
Maces & Flails | 3 6 |  6.9
Fighting       | |  3.1
Stealth        | |  0.3

Action                   |  1- 3 |  4- 6 |  7- 9 || total
-------------------------+-------+-------+-------++-------
Melee: War axe           |    71 |       |       ||    71
       Spear             |    23 |    96 |       ||   119
       Falchion          |       |   141 |    39 ||   180
       Maul              |       |       |    92 ||    92
       Kick              |       |       |     3 ||     3
  Use: Scroll            |     3 |     6 |     7 ||    16
  Eat: Chunk             |     5 |     9 |    13 ||    27
       Ration            |     1 |       |       ||     1
Armor: Scale mail        |    29 |    95 |   107 ||   231
       Chain mail        |       |       |    10 ||    10
Dodge: Dodged            |    24 |    63 |    96 ||   183
Block: Shield            |    51 |    94 |    32 ||   177
       Rpst.: Falchion   |       |    16 |     8 ||    24
